AoeStats
← Abda III

Black Forest

506047741Analyzed
4v4 RM · 21d ago on Sep 12, 2026· 25m 27s· 8 players
Game mode
Random Map
Map size
Large (8 player)
Population
200
Speed
Normal
Resources
Standard
Victory
Conquest
Starting age
Dark Age
Ending age
Imperial Age
RankedLock teamsTeams togetherTeam positionsShared explorationLock speedFull tech treeHidden civsTurbo modeCheats
Victory
Defeat
🇲🇽 Wei · Mexico
1007
+11
939
+13
🇲🇽 Bohemians · Mexico
918
+14
🇲🇽 Slavs · Mexico
887
+15
🇲🇽 Bulgarians · Mexico
911
-15
🇺🇸 Portuguese · United States
882
-30
🇦🇷 Turks · Argentina
881
-36
🇦🇷 Slavs · Argentina
846
-12
CHAPO
1:01 Loom
16:24 Feudal Age
16:52 Arson
23:25 Castle Age
White Pride Worldwide
13:18 Feudal Age
15:58 Double-Bit Axe
18:19 Castle Age
24:34 Horse Collar
Abda III
0:30 Loom
13:26 Feudal Age
19:03 Castle Age
17:11 Horse Collar
17:19 Double-Bit Axe
17:28 Gold Mining
25:31 Wheelbarrow
JoanR9886
15:18 Feudal Age
CristopherRompeOrtosGeorgiano
0:34 Loom
12:17 Feudal Age
16:27 Castle Age
14:42 Double-Bit Axe
15:54 Horse Collar
19:59 Town Watch
23:21 Wheelbarrow
Davicholord
12:03 Feudal Age
12:32 Double-Bit Axe
12:29 Horse Collar
12:43 Gold Mining
13:55 Loom
24:25 Castle Age
22:49 Fletching
23:00 Padded Archer Armor
25:28 Bodkin Arrow
25:49 Leather Archer Armor
26:16 Wheelbarrow
26:12 Thumb Ring
delms117
0:37 Loom
14:03 Feudal Age
14:29 Double-Bit Axe
19:07 Castle Age
18:20 Horse Collar
20:12 Heavy Plow
20:33 Bow Saw
22:45 Chemistry
Thule Hencio
1:51 Loom
4:00 Loom
13:00 Feudal Age
17:01 Castle Age
17:49 Double-Bit Axe
20:04 Wheelbarrow
23:44 Scale Barding Armor
Connection lost

Rejoining the realm…

Still unreachable

The connection could not be restored.

Session expired

The server has moved on; the page needs a fresh start.